 Dungeon Crawl Stone Soup version 0.22-a0-834-g05cf915 (webtiles) character file.

170 zeroarcanus the Ruffian (level 5, -1/40 HPs)
             Began as a Draconian Transmuter on July 25, 2018.
             Slain by a hound (6 damage)
             ... on level 4 of the Dungeon.
             The game lasted 00:07:37 (2755 turns).

zeroarcanus the Ruffian (Draconian Transmuter)      Turns: 2755, Time: 00:07:38

Health: -1/40      AC:  5    Str: 14    XL:     5   Next: 26%
Magic:  8/8        EV: 13    Int: 13    God:
Gold:   147        SH:  0    Dex: 11    Spells: 8/9 levels left

rFire    . . .     SeeInvis .     - Unarmed
rCold    . . .     Gourm    .   (no shield)
rNeg     . . .     Faith    .   (armour unavailable)
rPois    .         Spirit   .   (helmet restricted)
rElec    .         Reflect  .   (no cloak)
rCorr    .         Harm     .   (no gloves)
MR       .....                  (no boots)
Stlth    +++.......             (no amulet)
HPRegen  0.13/turn              b - ring of stealth
MPRegen  0.11/turn              h - ring of wizardry

@: no status effects
A: unfitting armour, cold-blooded, AC +5
a: no special abilities


You were on level 4 of the Dungeon.
You were very hungry.

You visited 1 branch of the dungeon, and saw 4 of its levels.

You collected 147 gold pieces.

Inventory:

Missiles
 a - 27 arrows
Jewellery
 b - a ring of stealth (left hand)
 h - a ring of wizardry (right hand)
Scrolls
 e - a scroll of blinking {unknown}
 i - a scroll of random uselessness {unknown}
 k - a scroll of identify {unknown}
 m - 3 scrolls of remove curse {unknown}
 n - a scroll of amnesia {unknown}
 p - a scroll of magic mapping {unknown}
Potions
 d - a potion of ambrosia {unknown}
 f - 2 potions of curing
 g - a potion of brilliance {unknown}
 j - a potion of mutation {unknown}
 l - a potion of might {unknown}
 o - a potion of heal wounds {unknown}
Comestibles
 c - 4 rations


   Skills:
 + Level 1.5 Fighting
 + Level 2.8 Dodging
 + Level 1.3 Stealth
 + Level 4.4 Unarmed Combat
 + Level 2.6 Spellcasting
 + Level 2.4 Transmutations


You had 8 spell levels left.
You knew the following spells:

 Your Spells              Type           Power        Failure   Level  Hunger
a - Beastly Appendage     Tmut           #.....       3%          1    #......

Your spell library contained the following spells:

 Spells                   Type           Power        Failure   Level  Hunger
 Spider Form              Tmut/Pois      #.........   17%         3    ###....
 Blade Hands              Tmut           #.........   65%         5    ######.
 Ice Form                 Ice/Tmut       #.......     47%         4    #####..
 Sticks to Snakes         Tmut           #.......     5%          2    ###....


Dungeon Overview and Level Annotations

Branches:
Dungeon (4/15)
 Temple: D:4-7

Altars:
Ashenzari


Innate Abilities, Weirdness & Mutations

Your plain brown scales are hard. (AC +5)
You cannot fit into any form of body armour.
You are cold-blooded and may be slowed by cold attacks.


Message History

The hound misses you.
You hit the hound.
The hound is almost dead.
The hound bites you.
* * * LOW HITPOINT WARNING * * *
The hound bites you.
* * * LOW HITPOINT WARNING * * *
You barely miss the hound.
The hound is almost dead.
The hound barely misses you.
You closely miss the hound.
The hound is almost dead.
The hound bites you.
* * * LOW HITPOINT WARNING * * *
You miss the hound.
The hound is almost dead.
The hound bites you.
* * * LOW HITPOINT WARNING * * *
The hound bites you.
You die...

# #. #.. #...
#....##############
#......@h..........
#....####.#...##..#####
#... #....# .........##
#.. ##...#######....<..
#. ###.........###.## #
#########.......
########


You could see a hound.

Vanquished Creatures
  A howler monkey (D:4)
  An orc priest (D:3)
  4 adders
  A worm (D:3)
  A dart slug (D:2)
  4 leopard geckos
  2 orcs (D:3)
  2 ball pythons
  2 giant cockroaches (D:1)
  3 goblins
  8 hobgoblins
  A quokka (D:2)
  9 bats
  3 frilled lizards
  6 kobolds
  13 rats
61 creatures vanquished.

Notes
Turn   | Place    | Note
-------+----------+-------------------------------------------
     0 | D:1      | zeroarcanus the Draconian Transmuter began the quest for the Orb.
     0 | D:1      | Reached XP level 1. HP: 16/16 MP: 3/3
   274 | D:1      | Reached XP level 2. HP: 13/23 MP: 5/5
   765 | D:1      | Reached XP level 3. HP: 28/28 MP: 6/6
   857 | D:1      | Reached skill level 1 in Stealth
  1466 | D:2      | Reached XP level 4. HP: 20/35 MP: 7/7
  1859 | D:3      | Reached skill level 4 in Unarmed Combat
  1966 | D:3      | HP: 1/35 [orc priest/nerve-wracking pain (4)]
  2612 | D:3      | Found a shattered altar of Ashenzari.
  2742 | D:4      | Reached XP level 5. HP: 22/40 MP: 8/8
  2755 | D:4      | Slain by a hound

Vault maps used:
D:1:      tarquinn_simple_flora_water_e
D:3:      lemuel_coloured_pillars_altar, minmay_misc_feat_hallway
D:4:      nicolae_overflow_crystal_walls, nicolae_qazlal_general_emergency,
          serial_shops, nicolae_shop_overgrown_old_shop, uniq_robin

Skill      XL: |  1  2  3  4 |
---------------+-------------+-----
Dodging        | 2 |  2.8
Stealth        | 1 |  1.3
Unarmed Combat | 4 |  4.4
Fighting       | |  1.5
Spellcasting   | |  2.6
Transmutations | |  2.4

Action                   |  1- 3 |  4- 6 || total
-------------------------+-------+-------++-------
Melee: Unarmed           |   152 |    97 ||   249
       Tailslap          |    14 |    10 ||    24
       Headbutt          |     2 |     3 ||     5
       Punch             |     2 |       ||     2
       Kick              |     1 |       ||     1
 Cast: Beastly Appendage |     5 |     6 ||    11
  Use: Potion            |       |     1 ||     1
 Stab: Sleeping          |     3 |     1 ||     4
       Distracted        |     1 |       ||     1
  Eat: Chunk             |     1 |     4 ||     5
Armor: Skin              |    48 |    21 ||    69
Dodge: Dodged            |   104 |    51 ||   155

Table legend:
 A = Spawn XP
 B = Non-spawn XP
 C = Spawn XP percentage of total XP
 D = Spawn monster count
 E = Non-spawn monster count
 F = Spawn count percentage of total count
 G = Total turns spent on level
                    A         B        C        D         E        F      G
               +---------+---------+-------+---------+---------+-------+---------
         Total |       0 |     244 |   0.0 |       0 |      61 |   0.0 |  2755
               +---------+---------+-------+---------+---------+-------+---------
           D:1 |       0 |      44 |   0.0 |       0 |      28 |   0.0 |  1040
           D:2 |       0 |      71 |   0.0 |       0 |      21 |   0.0 |   804
           D:3 |       0 |      75 |   0.0 |       0 |      11 |   0.0 |   862
           D:4 |       0 |      54 |   0.0 |       0 |       1 |   0.0 |    49
               +---------+---------+-------+---------+---------+-------+---------
